 Dungeon Crawl Stone Soup version 0.21-a0-150-gc243083 (webtiles) character file.

466 Lunath the Chopper (level 6, -6/56 HPs)
             Began as a Minotaur Fighter on July 27, 2017.
             Was an Initiate of Ashenzari.
             Killed from afar by an orc wizard (11 damage)
             ... with a puff of frost
             ... on level 4 of the Dungeon.
             The game lasted 00:04:57 (2155 turns).

Lunath the Chopper (Minotaur Fighter)               Turns: 2155, Time: 00:04:58

Health: -6/56      AC:  7    Str: 20    XL:     6   Next: 81%
Magic:  5/5        EV:  7    Int:  5    God:    Ashenzari [......]
Gold:   189        SH: 10    Dex: 12    Spells: 5/5 levels left

rFire    . . .     SeeInvis .   a - +0 war axe
rCold    . . .     Gourm    .   c - +0 shield
rNeg     . . .     Faith    .   b - +0 scale mail
rPois    .         Spirit   .   (helmet restricted)
rElec    .         Reflect  .   (no cloak)
rCorr    .         Harm     .   (no gloves)
MR       .....                  (no boots)
Stlth    ..........             p - amulet of magic regeneration
HPRegen  0.18/turn              q - ring of flight
MPRegen  0.34/turn              (no ring)

@: drained
A: retaliatory headbutt, horns 2
a: Curse Item, Renounce Religion, Evoke Flight


You were on level 4 of the Dungeon.
You worshipped Ashenzari.
Ashenzari was noncommittal.
You were hungry.

You visited 1 branch of the dungeon, and saw 4 of its levels.

You collected 189 gold pieces.

Inventory:

Hand Weapons
 a - a +0 war axe (weapon)
Armour
 b - a +0 scale mail (worn)
 c - a +0 shield (worn)
Jewellery
 p - an amulet of magic regeneration (around neck)
 q - a ring of flight (left hand)
Scrolls
 e - 3 scrolls of remove curse
 g - a scroll of immolation {unknown}
 h - 3 scrolls of enchant armour {unknown}
 i - 5 scrolls of identify {unknown}
 j - a scroll of amnesia {unknown}
 m - 3 scrolls of magic mapping {unknown}
 s - 2 scrolls of teleportation {unknown}
 t - a scroll of random uselessness {unknown}
 v - a scroll of blinking {unknown}
 x - a scroll of enchant weapon {unknown}
Potions
 d - 3 potions of might
 l - 2 potions of resistance {unknown}
 r - a potion of curing {unknown}
 u - 2 potions of heal wounds {unknown}
 z - a potion of degeneration {unknown}
Books
 w - a book of Misfortune

   Spells                             Type                      Level
   a - Confusing Touch                Hexes                        1
   b - Confuse                        Hexes                        3
   c - Gell's Gravitas                Translocation                3
   d - Petrify                        Transmutation/Earth          4
   e - Metabolic Englaciation         Hexes/Ice                    5
   f - Yara's Violent Unravelling     Hexes/Transmutation          5
Comestibles
 f - 4 bread rations
 k - 2 meat rations
 n - 4 fruits
 o - 2 royal jellies


   Skills:
 + Level 5.1(4.9) Fighting
 * Level 5.8(5.6) Axes
 + Level 5.3(5.1) Armour
 + Level 5.4(5.2) Shields


You had 5 spell levels left.
You didn't know any spells.

Dungeon Overview and Level Annotations

Branches:
Dungeon (4/15)
 Temple: D:4-7

Altars:
Ashenzari
Elyvilon
Sif Muna
Uskayaw


Innate Abilities, Weirdness & Mutations

You reflexively headbutt those who attack you in melee.
You have a pair of horns on your head.


Message History

You destroy Duffy's ghost!
Your base Fighting skill increases to level 5!
Something hits you.
* * * LOW HITPOINT WARNING * * *
Something hits you but does no damage.
You completely miss something.
You hear some strange, mumbled words.
A magic dart appears from out of thin air!
The magic dart hits you!
* * * LOW HITPOINT WARNING * * *
Something hits you but does no damage.
You closely miss something. Your headbutt misses something.
You hear some strange, mumbled words.
A puff of flame appears from out of thin air!
The puff of flame misses you. Something hits you but does no damage.
You completely miss something. Something hits you but does no damage.
You hear some strange, mumbled words.
A puff of frost appears from out of thin air!
The puff of frost hits you!
You die...

#.#.##.### #........#
#.###.##.## #.# #.#...#
#.###...#.. #######
#.....#...#
......#####<.......
##?.#####...#########.##
.....o)@.......# .#
##..#####...##.#
##.###.# #.# #.# #.# #.#
#.# #.# #.##
#############.# #.# #...
#...........#.# #.# ###
#.#########.#.# #.# #


You could see an orc.

Vanquished Creatures
  The ghost of Duffy the Chiller, an amateur OpIE (D:4)
  2 hounds (D:4)
  A worker ant (D:4)
  2 orc wizards (D:3)
  8 adders
  An ooze (D:3)
  An adder skeleton (D:4)
  3 worms (D:2)
  A leopard gecko (D:1)
  6 orcs
  A ball python (D:1)
  6 bats
  3 giant cockroaches
  9 hobgoblins
  3 jackals (D:1)
  13 kobolds
  4 quokkas
  6 frilled lizards
  A goblin (D:2)
  A quokka skeleton (D:4)
  6 rats
79 creatures vanquished.

Notes
Turn   | Place    | Note
-------+----------+-------------------------------------------
     0 | D:1      | Lunath the Minotaur Fighter began the quest for the Orb.
     0 | D:1      | Reached XP level 1. HP: 19/19 MP: 0/0
   108 | D:1      | Reached XP level 2. HP: 19/27 MP: 1/1
   603 | D:2      | Reached XP level 3. HP: 23/33 MP: 2/2
   803 | D:2      | Reached XP level 4. HP: 23/40 MP: 3/3
  1132 | D:3      | Reached XP level 5. HP: 18/46 MP: 4/4
  1544 | D:3      | Found a white marble altar of Elyvilon.
  1720 | D:3      | Found a deep blue altar of Sif Muna.
  1813 | D:3      | Found a shattered altar of Ashenzari.
  1819 | D:3      | Became a worshipper of Ashenzari the Shackled
  1963 | D:4      | Reached skill level 5 in Axes
  1963 | D:4      | Reached skill level 5 in Shields
  1977 | D:4      | Found a hide-covered altar of Uskayaw.
  2001 | D:4      | Reached skill level 5 in Armour
  2001 | D:4      | Reached XP level 6. HP: 46/53 MP: 5/5
  2130 | D:4      | Noticed Duffy's ghost (amateur OpIE)
  2152 | D:4      | Killed Duffy's ghost
  2152 | D:4      | Reached skill level 5 in Fighting
  2155 | D:4      | Killed from afar by an orc wizard

Vault maps used:
D:1:      grunt_arrival_lava_bath, hangedman_abyss_or_decor_stabs
D:3:      lemuel_doored_altar, lemuel_round_altar, led_sif_pool, first_bread,
          st_stairs_14
D:4:      nicolae_overflow_crystal_walls, lemuel_crystal_altar

Skill      XL: |  1  2  3  4  5  6 |
---------------+-------------------+-----
Axes           | 3 4 5 |  5.8
Shields        | 4 5 |  5.4
Armour         | 4 5 |  5.3
Fighting       | 4 5 |  5.1

Action                   |  1- 3 |  4- 6 || total
-------------------------+-------+-------++-------
Melee: War axe           |    84 |   144 ||   228
       Headbutt          |    13 |    19 ||    32
  Eat: Chunk             |       |     4 ||     4
Armor: Scale mail        |    40 |    85 ||   125
Dodge: Dodged            |    33 |    41 ||    74
Block: Shield            |    67 |    83 ||   150
